 Dungeon Crawl Stone Soup version 0.29.0-10-g45618ea6d2 (webtiles) character file.

Game seed: 12663022402409288012

176 Tiocfaidh the Grave Robber (level 5, -3/36 HPs)
             Began as a Vampire Necromancer on Sept 1, 2022.
             Killed from afar by an orc wizard (10 damage)
             ... with a magic dart
             ... on level 4 of the Dungeon.
             The game lasted 00:15:04 (2392 turns).

Tiocfaidh the Grave Robber (Vampire Necromancer)    Turns: 2392, Time: 00:15:04

Health: -3/36      AC:  5    Str:  9    XL:     5   Next: 30%
Magic:  9/10       EV: 27    Int: 17    God:
Gold:   161        SH:  0    Dex: 15    Spells: 10/11 levels left

rFire   . . .      SeeInvis +   l - +0 short sword (venom)
rCold   . . .      Faith    .   (no shield)
rNeg    + . .      Spirit   .   r - +2 robe {rN+}
rPois   .          Reflect  .   m - +0 helmet
rElec   .          Harm     .   (no cloak)
rCorr   .          Rampage  .   (no gloves)
Will    .....                   (no boots)
Stlth   +++.......              s - amulet of the acrobat
HPRegen 0.32/turn               j - ring of ice
MPRegen 0.12/turn               u - ring of fire

@: acrobatic, healing quickly
A: alive, fangs 3, see invisible, vampiric 2
a: Exsanguinate


You were on level 4 of the Dungeon.
You visited 1 branch of the dungeon, and saw 4 of its levels.

You collected 161 gold pieces.

Inventory:

Hand Weapons
 l - a +0 short sword of venom (weapon)
Armour
 m - a +0 helmet (worn)
 r - a +2 robe of positive energy (worn)
Jewellery
 j - a ring of ice (left hand)
 s - an amulet of the acrobat (around neck)
 u - a ring of fire (right hand)
Wands
 a - a wand of iceblast (9)
Scrolls
 c - a scroll of enchant weapon {unknown}
 d - 6 scrolls of identify {unknown}
 e - a scroll of magic mapping {unknown}
 g - a scroll of blinking {unknown}
 h - a scroll of fog {unknown}
 n - a scroll of summoning {unknown}
 o - a scroll of teleportation {unknown}
 t - a scroll of vulnerability {unknown}
Potions
 b - a potion of magic
 f - a potion of haste {unknown}
 i - a potion of mutation {unknown}
 k - 2 potions of attraction {unknown}
 p - a potion of cancellation {unknown}
 q - a potion of heal wounds {unknown}


   Skills:
 + Level 0.9 Fighting
 + Level 1.2 Short Blades
 + Level 2.4 Dodging
 + Level 4.1 Stealth
 + Level 3.5 Spellcasting
 + Level 5.4 Necromancy


You had 10 spell levels left.
You knew the following spells:

 Your Spells              Type           Power      Damage    Failure   Level
a - Necrotise             Necr           84%        1d8       1%          1

Your spell library contained the following spells:

 Spells                   Type           Power      Damage    Failure   Level
 Vampiric Draining        Necr           21%        2d7       5%          3
 Animate Dead             Necr           21%        N/A       19%         4
 Agony                    Necr           21%        N/A       45%         5


Dungeon Overview and Level Annotations

Branches:
Dungeon (4/15)             Temple (0/1) D:4

Altars:


Innate Abilities, Weirdness & Mutations

Your natural rate of healing is accelerated.
You have razor-sharp teeth.
You have supernaturally acute eyesight. (SInv)
You are afflicted with vampirism and can become a bat while bloodless.


Message History

A goblin and a kobold come into view.
The ball python completely misses you. The ball python misses you.
A hobgoblin and a ball python come into view.
The ball python hisses angrily.
You hear a shout!
Aiming: Necrotise (safe; 1% risk of failure)
Press: ? - help, Q - select action, (/) - cycle Shift-Dir - straight line, f/p - ogre
Aim: an ogre, wielding a +0 giant spiked club (severely wounded, poisoned, chance to affect: 80%)
The endoplasm writhes in agony.
You kill the endoplasm!
The hobgoblin shouts!
You hear a shout!
The ball python bites you but does no damage.
The ball python misses you.
An orc comes into view. It is wielding a +0 flail.
The ogre attacks as you move away! The ogre barely misses you.
The ogre looks more healthy.
The ball python completely misses you. x2
The ball python misses you. The ball python completely misses you.
An orc wizard comes into view. It is wielding a +0 dagger.
The ball python closely misses you. x2
A ball python comes into view.
A hound comes into view.
The ball python bites you but does no damage.
The ball python completely misses you.
The ball python moves out of view.
The ball python attacks as you move away!
The ball python barely misses you.
An orc comes into view. It is wielding a +0 dagger.
Found a scroll labelled ESYMATAYRO.
The hobgoblin completely misses you. The ball python bites you.
* * * LOW HITPOINT WARNING * * *
The ball python misses you.
An orc priest comes into view. It is wielding a +0 hand axe.
Okay, then.
The ball python hisses angrily.
The orc shouts!
The hound barks!
The ball python completely misses you. The ball python closely misses you.
The orc hits you with a +0 flail.
* * * LOW HITPOINT WARNING * * *
The orc priest shouts!
Found a silvery potion.
The orc wizard gestures at you while chanting.
The magic dart hits you!
You die...

.......................#
.......................#
........................
............g≈≈≈≈≈......
...........≈≈≈≈≈≈≈≈≈....
....h.K.O≈≈≈≈≈≈≈≈≈≈≈≈≈..
....S.og≈≈≈≈≈≈≈≈≈≈≈≈≈≈≈.
.....o.SS≈≈≈≈≈$..≈≈≈≈≈≈.
oo.....@≈≈≈≈≈≈.>.≈≈≈≈≈≈.
........≈≈≈≈≈≈...~≈≈
#######..≈≈≈≈≈≈≈≈≈~
#....≈≈≈≈≈≈≈ #......≈≈≈
......... .........
.!.......


You could see an ogre, a hound, an orc priest, an orc wizard, 2 orcs, 2
hobgoblins, 3 ball pythons and a kobold.

Vanquished Creatures
  A hound (D:3)
  Jessica (D:3)
  3 adders
  A dart slug (D:1)
  2 orcs (D:3)
  4 ball pythons
  7 bats
  2 endoplasms
  3 giant cockroaches
  7 goblins
  10 hobgoblins
  3 jackals (D:2)
  5 quokkas
  6 frilled lizards
  13 kobolds
  2 rats
70 creatures vanquished.

Vanquished Creatures (collateral kills)
  An adder (D:2)
  2 goblins
  A hobgoblin (D:1)
4 creatures vanquished.

Grand Total: 74 creatures vanquished

Notes
Turn   | Place    | Note
-------+----------+-------------------------------------------
     0 | D:1      | Tiocfaidh the Vampire Necromancer began the quest for the
                  | Orb.
     0 | D:1      | Reached XP level 1. HP: 13/13 MP: 3/3
   215 | D:1      | Reached XP level 2. HP: 20/20 MP: 0/5
   622 | D:1      | Gained mutation: You are afflicted with vampirism and can
                  | become a bat while bloodless. [Vampire growth]
   622 | D:1      | Reached XP level 3. HP: 24/25 MP: 2/6
   949 | D:2      | Reached skill level 5 in Necromancy
  1032 | D:2      | Found a faded altar of an unknown god.
  1078 | D:2      | Reached XP level 4. HP: 30/31 MP: 4/8
  1690 | D:3      | Noticed Jessica
  1746 | D:3      | Killed Jessica
  2038 | D:3      | Reached XP level 5. HP: 36/36 MP: 10/10
  2233 | D:4      | Noticed an ogre
  2250 | D:3      | Reached skill level 1 in Short Blades
  2379 | D:4      | Found a staircase to the Ecumenical Temple.
  2392 | D:4      | Killed from afar by an orc wizard

Illustrated notes

Levels and vault maps discovered:
D:1:      dpeg_arrival_leaves_temple_mockup, layout_loops_ring,
          chequers_serial_rivers_micro_a
D:2:      layout_basic, basic_ecumenical_altar
D:3:      layout_loops_ring, nicolae_underground_beach, uniq_jessica
D:4:      layout_basic, temple_pool_b

Skill      XL: |  1  2  3  4  5 |
---------------+----------------+-----
Necromancy     | 5 |  5.4
Spellcasting   | 3 |  3.5
Short Blades   | 1 |  1.2
Stealth        | 4 |  4.1
Fighting       | |  0.9
Dodging        | |  2.4

Action                   |  1- 3 |  4- 6 || total
-------------------------+-------+-------++-------
Melee: Unarmed           |    14 |       ||    14
       Punch             |     2 |       ||     2
       Dagger            |    17 |       ||    17
       Bite              |     4 |     5 ||     9
       Short sword       |       |    66 ||    66
 Cast: Necrotise         |    51 |    15 ||    66
 Abil: Exsanguinate      |     1 |       ||     1
 Stab: Sleeping          |     4 |     3 ||     7
       Distracted        |     1 |       ||     1
Armor: Robe              |    26 |    12 ||    38
Dodge: Dodged            |    63 |    73 ||   136
